 Dungeon Crawl Stone Soup version 0.18-a0-1720-g8df8b1a (webtiles) character file.

110 Eucla the Insei (level 4, 0/37 HPs)
             Began as a Demonspawn Monk on Apr 9, 2016.
             Was a Believer of Makhleb.
             Slain by a giant gecko (1 damage)
             ... on level 3 of the Dungeon.
             The game lasted 00:02:22 (1505 turns).

Eucla the Insei (Demonspawn Monk)                   Turns: 1505, Time: 00:02:22

Health: 0/37       AC:  6    Str: 13    XL:     4   Next: 61%
Magic:  5/5        EV: 13    Int: 11    God:    Makhleb [**....]
Gold:   137        SH:  0    Dex: 15    Spells: 0 memorised, 3 levels left

rFire  . . .     SeeInvis .       - Unarmed
rCold  . . .     Gourm    .     a - +0 robe
rNeg   . . .     Faith    .     (no shield)
rPois  .         Spirit   .     (no helmet)
rElec  .         Dismiss  .     (no cloak)
rCorr  .         Reflect  .     (no gloves)
SustAt .         Harm     .     (no boots)
MR     .....                    (no amulet)
Stlth  +++.......               (no ring)
                                (no ring)

@: lethally poisoned (0 -> -1), not resistant to hostile enchantments, fairly
stealthy
A: iridescent scales 1, nightstalker 1, powered by pain 1
a: Minor Destruction, Renounce Religion


You were on level 3 of the Dungeon.
You worshipped Makhleb.
Makhleb was pleased with you.
You were very hungry.

You visited 1 branch of the dungeon, and saw 3 of its levels.

You collected 137 gold pieces.

Inventory:

Armour
 a - a +0 robe (worn)
Scrolls
 d - a scroll of immolation {unknown}
 e - 3 scrolls of identify {unknown}
 f - a scroll of magic mapping {unknown}
 h - 5 scrolls of fear {unknown}
 i - a scroll of remove curse {unknown}
 k - a scroll of fog {unknown}
Comestibles
 b - 2 bread rations
 c - a meat ration


   Skills:
 + Level 3.9 Fighting
 - Level 1.4 Armour
 + Level 3.2 Dodging
 - Level 1.7 Stealth
 - Level 4.0 Unarmed Combat
 + Level 1.5 Invocations


You had 3 spell levels left.
You didn't know any spells.

Dungeon Overview and Level Annotations

Branches:
Dungeon (3/15)

Altars:
Ashenzari
Makhleb
Ru


Innate Abilities, Weirdness & Mutations

You are partially covered in iridescent scales (AC +4).
You are slightly more attuned to the shadows.
You sometimes gain a little power by taking damage.


Message History

A giant newt comes into view.
* * * LOW HITPOINT WARNING * * *
You feel sick.
There is a stone staircase leading up here.
Unknown command.
Unknown command.
A giant cockroach, a kobold and a dart slug come into view.
Unknown command.
The helpless giant gecko fails to defend itself.
You hit the giant gecko but do no damage.
The giant gecko closely misses you.
Unknown command.
You closely miss the giant gecko.
* * * LOW HITPOINT WARNING * * *
You feel sick. The giant gecko misses you.
Unknown command.
You hit the giant gecko.
The giant gecko is severely wounded.
The giant gecko bites you.
You die...

#####
#...#######... #
#...†.....#
...#.#..########
......<.....s..
....####@#####
......Kll#
#l.....#.. .
.....#.#. #w##
#...# # #.. .
... ..


You could see a dart slug (sleeping), a giant gecko, a giant cockroach, a kobold
(sleeping) and a giant newt.

Vanquished Creatures
  A worker ant (D:3)
  4 adders
  An ooze (D:2)
  4 dart slugs
  4 giant geckos
  3 bats
  2 giant cockroaches
  3 goblins
  5 hobgoblins
  A quokka (D:2)
  5 giant newts
  A kobold (D:1)
  3 rats (D:2)
37 creatures vanquished.

Notes
Turn   | Place    | Note
--------------------------------------------------------------
     0 | D:1      | Eucla the Demonspawn Monk began the quest for the Orb.
     0 | D:1      | Reached XP level 1. HP: 18/18 MP: 1/1
   294 | D:1      | Gained mutation: You are partially covered in iridescent scales (AC +4). [demonic ancestry]
   294 | D:1      | Reached XP level 2. HP: 24/24 MP: 2/2
   378 | D:1      | Reached skill level 1 in Armour
   806 | D:2      | Gained mutation: You are slightly more attuned to the shadows. [demonic ancestry]
   806 | D:2      | Reached XP level 3. HP: 27/29 MP: 3/3
  1082 | D:2      | Found a shattered altar of Ashenzari.
  1082 | D:2      | Found a sacrificial altar of Ru.
  1164 | D:2      | Found a burning altar of Makhleb.
  1173 | D:2      | Became a worshipper of Makhleb the Destroyer
  1173 | D:2      | Reached * piety under Makhleb
  1173 | D:2      | Reached ** piety under Makhleb
  1184 | D:2      | Reached skill level 4 in Unarmed Combat
  1227 | D:2      | Gained mutation: You sometimes gain a little power by taking damage. [demonic ancestry]
  1227 | D:2      | Reached XP level 4. HP: 20/37 MP: 4/4
  1478 | D:3      | Reached skill level 1 in Invocations
  1504 | D:3      | HP: 1/37 [poisoned by a worker ant]
  1505 | D:3      | Slain by a giant gecko

Vault maps used:
D:1:      nagdon_arrival_double_spiral
D:2:      gammafunk_temple_overflow_elements, old_standard_altar, minivault_11
D:3:      corexii_shack_village, nicolae_overflow_crystal_walls,
          kennysheep_generic_room_11, uniq_robin, uniq_crazy_yiuf_cottage

Skill      XL: |  1  2  3  4 |
---------------+-------------+-----
Armour         | 1 |  1.4
Unarmed Combat | 4 |  4.0
Dodging        | 3 |  3.2
Invocations    | 1 |  1.5
Fighting       | |  3.9
Stealth        | |  1.7

Action                   |  1- 3 |  4- 6 || total
-------------------------+-------+-------++-------
Melee: Unarmed           |   132 |    39 ||   171
Invok: Minor Destruction |     1 |       ||     1
  Use: Potion            |     3 |       ||     3
 Stab: Sleeping          |     3 |     2 ||     5
       Distracted        |     1 |       ||     1
  Eat: Chunk             |     1 |       ||     1
